 Dungeon Crawl Stone Soup version 0.30.1 (webtiles) character file.

Game seed: 2451342146010190799

316 GeoRichter the Cudgeller (level 6, -15/51 HPs)
             Began as an Armataur Warper on July 13, 2023.
             Demolished by an ogre
             ... wielding a +0 giant club
              (17 damage)
             ... on level 4 of the Dungeon.
             The game lasted 00:05:10 (3443 turns).

GeoRichter the Cudgeller (Armataur Warper)          Turns: 3443, Time: 00:05:10

Health: -15/51     AC:  5    Str: 19    XL:     6   Next: 20%
Magic:  8/8        EV:  9    Int: 13    God:
Gold:   209        SH:  0    Dex:  9    Spells: 8/8 levels left

rFire   . . .        a - +0 mace
rCold   . . .        (no shield)
rNeg    . . .        b - +0 leather armour
rPois   .            (no helmet)
rElec   .            f - +0 cloak
rCorr   .            (no gloves)
SInv    .            (no barding)
Will    .....        (no amulet)
Stlth   +            (no ring)
HPRegen 0.28/turn    (no ring)
MPRegen 0.11/turn

%: roll
@: no status effects
A: large, rugged brown scales 3, deformed body, armoured tail, roll, long
tongue, awkward tongue
a: no special abilities


You were on level 4 of the Dungeon.
You visited 1 branch of the dungeon, and saw 5 of its levels.

You collected 209 gold pieces.

Inventory:

Hand Weapons
 a - a +0 mace (weapon)
Missiles
 d - 7 boomerangs of dispersal {!f}
 k - 3 javelins (quivered)
 r - 5 boomerangs
Armour
 b - a +0 leather armour (worn)
 f - a +0 cloak (worn)
   (You found it on level 3 of the Dungeon)
Wands
 s - a wand of mindburst (9)
   (You found it on level 3 of the Dungeon)
Scrolls
 c - a scroll of immolation {unknown}
 e - a scroll of poison {!r}
 i - 2 scrolls of enchant weapon
 m - 2 scrolls of silence
 n - 2 scrolls of magic mapping
 o - a scroll of teleportation {unknown}
 v - a scroll of vulnerability {unknown}
 w - a scroll of summoning {unknown}
 x - a scroll of identify {@r1}
 y - a scroll of fog {unknown}
 z - a scroll of blinking
Potions
 g - 2 potions of might {unknown}
 h - a potion of heal wounds {unknown}
 j - a potion of berserk rage {unknown}
 p - a potion of magic {unknown}
 q - a potion of haste {unknown}
 t - 2 potions of attraction {unknown}
 u - 2 potions of lignification {unknown}


   Skills:
 - Level 2.1 Fighting
 * Level 5.9 Maces & Flails
 - Level 0.8 Throwing
 - Level 1.2 Armour
 - Level 1.3 Dodging
 - Level 1.7 Spellcasting
 - Level 3.0 Translocations


You had 8 spell levels left.
You didn't know any spells.
Your spell library contained the following spells:

 Spells                   Type           Power      Damage    Failure   Level
 Apportation              Tloc           16%        N/A       9%          1
 Blink                    Tloc           16%        N/A       14%         2
 Lesser Beckoning         Tloc           16%        N/A       14%         2
 Gell's Gravitas          Tloc           8%         N/A       26%         3
 Teleport Other           Tloc           8%         N/A       26%         3
 Necrotise                Necr           4%         1d4       30%         1
 Summon Small Mammal      Summ           4%         N/A       30%         1
 Static Discharge         Conj/Air       2%         2-3/arc   43%         2
 Vhi's Electric Charge    Tloc/Air       10%        N/A       45%         3
 Manifold Assault         Tloc           8%         N/A       65%         4
 Airstrike                Air            0%         2d(1-17)  97%         4
 Petrify                  Tmut/Erth      1%         N/A       97%         4
 Summon Lightning Spire   Summ/Air       1%         N/A       97%         4
 Metabolic Englaciation   Hex/Ice        0%         N/A       100%        5
 Statue Form              Tmut/Erth      0%         N/A       100%        6


Dungeon Overview and Level Annotations

Branches:
Dungeon (5/15) Zot: 26508
 Temple: D:4-7

Altars:
Elyvilon
Fedhas

Shops:
D:1 :


Innate Abilities, Weirdness & Mutations

You are completely covered in rugged brown scales. (AC +3, +7% HP)
Armour fits poorly on your strangely shaped body.
You have a long armoured tail.
You roll when moving toward enemies. (Rampage)
Your long tongue fully drains potion bottles. (2x potion effects)
Your tongue gives you trouble enunciating. (1.5x scroll delay)


Message History

The javelin pierces through the ogre.
The ogre is heavily wounded.
The sleepcap releases spores at you but does no damage. x2
Throw: 8 javelins
Press: ? - help, Q - select action, (/) - cycle Shift-Dir - straight line, f/p - sleepcap
Aim: a sleepcap (moderately damaged, 98% to hit)
You throw a javelin.
The javelin pierces through the sleepcap.
The sleepcap is moderately damaged.
The javelin barely misses the ogre.
The sleepcap releases spores at you but does no damage.
Throw: 7 javelins
Press: ? - help, Q - select action, (/) - cycle Shift-Dir - straight line, f/p - sleepcap
Aim: a sleepcap (moderately damaged, 98% to hit)
You throw a javelin.
The javelin pierces through the sleepcap but does no damage.
The sleepcap is moderately damaged.
The javelin pierces through the ogre but does no damage.
The ogre is heavily wounded.
The sleepcap barely misses you.
Throw: 6 javelins
Press: ? - help, Q - select action, (/) - cycle Shift-Dir - straight line, f/p - sleepcap
Aim: a sleepcap (moderately damaged, 98% to hit)
You throw a javelin.
The javelin hits the sleepcap and shatters for extra damage!
The sleepcap is severely damaged.
The sleepcap releases spores at you but does no damage.
The sleepcap closely misses you.
Throw: 5 javelins
Press: ? - help, Q - select action, (/) - cycle Shift-Dir - straight line, f/p - sleepcap
Aim: a sleepcap (severely damaged, 98% to hit)
You throw a javelin.
The javelin pierces through the sleepcap!
You destroy the sleepcap!
The javelin barely misses the ogre.
The ogre barely misses you.
Throw: 4 javelins
Press: ? - help, Q - select action, (/) - cycle Shift-Dir - straight line, f - ogre
Aim: an ogre, wielding a +0 giant club (heavily wounded, 71% to hit)
You throw a javelin. The javelin pierces through the ogre!
The ogre is almost dead.
The ogre hits you with a +0 giant club!!
Ouch! That really hurt!
* * * LOW HITPOINT WARNING * * *
You hit the ogre.
The ogre is almost dead.
You hit the ogre but do no damage.
The ogre is almost dead.
The ogre hits you with a +0 giant club!
You die...

#.#.# #.# #.#
#.#.#####.# #.#
#......##.# ####### #.#
#......##.###.....# #.#
#..............<..####.#
##.....##..............#
#>....#####......####.##
###.#######......####...
#....@O..>(###.......#
##########.# #.###...#
#.# #.###.### #.#
#...)...# #.# #.####.)#
#.# #.# ##.. #.# #.# ###
#.###.# # #.....#######


You could see an ogre.

Vanquished Creatures
  Blork the orc (D:4)
  A howler monkey (D:4)
  A jelly (D:4)
  An orc priest (D:4)
  A hound (D:4)
  A sleepcap (D:4)
  4 adders
  A dart slug (D:3)
  4 orcs
  8 ball pythons
  A bat (D:1)
  5 endoplasms
  2 giant cockroaches
  5 goblins
  4 hobgoblins
  3 kobolds
  2 quokkas (D:4)
  4 frilled lizards
  2 rats
51 creatures vanquished.

Notes
Turn   | Place    | Note
-------+----------+-------------------------------------------
     0 | D:1      | GeoRichter the Armataur Warper began the quest for the Orb.
     0 | D:1      | Reached XP level 1. HP: 18/18 MP: 3/3
    25 | D:1      | Reached skill level 2 in Maces & Flails
   117 | D:1      | Reached XP level 2. HP: 18/25 MP: 4/4
   145 | D:1      | Found Iqac's Book Boutique.
   734 | D:2      | Reached skill level 3 in Maces & Flails
   734 | D:2      | Reached XP level 3. HP: 25/31 MP: 5/5
  1046 | D:2      | Found a blossoming altar of Fedhas.
  1269 | D:3      | Found a white marble altar of Elyvilon.
  2379 | D:4      | Reached skill level 4 in Maces & Flails
  2379 | D:4      | Reached XP level 4. HP: 15/38 MP: 6/6
  2816 | D:4      | Noticed Blork the orc
  2848 | D:4      | Killed Blork the orc
  2849 | D:4      | Reached skill level 5 in Maces & Flails
  2849 | D:4      | Reached XP level 5. HP: 15/43 MP: 7/7
  2993 | D:4      | Reached XP level 6. HP: 19/51 MP: 8/8
  3422 | D:5      | Entered Level 5 of the Dungeon
  3441 | D:4      | HP: 1/51 [ogre/+0 giant club (28)]
  3443 | D:4      | Demolished by an ogre

Illustrated notes

Levels and vault maps discovered:
D:1:      lemuel_arrival_cross, layout_rooms, serial_shops, shop
D:2:      layout_rooms, basic_altar, ebering_dispersal_statue_hall
D:3:      layout_basic, elyvilon_altar_1, nrook_loot_triangle
D:4:      layout_loops_ring, kennysheep_generic_room_16, uniq_blork_the_orc
D:5:      minmay_bubble_buster, layout_rooms,
          minmay_temple_entry_drinking_statues

Skill      XL: |  1  2  3  4 |
---------------+-------------+-----
Maces & Flails | 2 3 4 5 |  5.9
Fighting       | 2 |  2.1
Throwing       | |  0.8
Armour         | |  1.2
Dodging        | |  1.3
Spellcasting   | |  1.7
Translocations | |  3.0

Action                     |  1- 3 |  4- 6 || total
---------------------------+-------+-------++-------
  Melee: Mace              |   116 |    57 ||   173
         Tailslap          |    11 |     4 ||    15
         Punch             |       |     1 ||     1
  Throw: Javelin           |     3 |     6 ||     9
    Use: Scroll            |     5 |     2 ||     7
         Potion            |       |     3 ||     3
 Armour: Leather armour    |    40 |    26 ||    66
  Dodge: Dodged            |    52 |    34 ||    86
